 Dungeon Crawl Stone Soup version 0.26-a0-490-gf8362a0c98 (webtiles) character file.

Game seed: 9603583943046117547

39 ANON1729 the Sneak (level 3, 0/31 HPs)
             Began as a Palentonga Delver on Aug 4, 2020.
             Slain by an orc
             ... wielding a +0 trident
              (6 damage)
             ... on level 5 of the Dungeon.
             The game lasted 00:01:03 (653 turns).

ANON1729 the Sneak (Palentonga Delver)               Turns: 653, Time: 00:01:03

Health: 0/31       AC:  4    Str: 16    XL:     3   Next: 26%
Magic:  3/3        EV: 10    Int: 10    God:
Gold:   9          SH:  0    Dex: 11    Spells: 2/2 levels left

rFire    . . .     SeeInvis +   a - +0 falchion
rCold    . . .     Faith    .   (no shield)
rNeg     . . .     Spirit   .   b - +0 leather armour
rPois    .         Reflect  .   (no helmet)
rElec    .         Harm     .   (no cloak)
rCorr    .                      (no gloves)
MR       .....                  (boots restricted)
Stlth    ++........             (no amulet)
HPRegen  0.10/turn              (no ring)
MPRegen  0.08/turn              (no ring)

@: hasted, very quick
A: large, rugged brown scales 3, see invisible, deformed body, roll, armoured
tail
a: Rolling Charge


You were on level 5 of the Dungeon.
You visited 1 branch of the dungeon, and saw 2 of its levels.

You collected 9 gold pieces.

Inventory:

Hand Weapons
 a - a +0 falchion (weapon)
Armour
 b - a +0 leather armour (worn)
Wands
 g - a wand of digging (3)
Scrolls
 c - a scroll of fog
 d - a scroll of magic mapping


   Skills:
 + Level 3.3 Fighting
 + Level 2.5 Long Blades
 + Level 2.0 Dodging
 + Level 3.6 Stealth


You had 2 spell levels left.
You didn't know any spells.
Your spell library was empty.

Dungeon Overview and Level Annotations

Branches:
Dungeon (6/15)
 Temple: D:4-7

Altars:
Elyvilon


Innate Abilities, Weirdness & Mutations

You are completely covered in rugged brown scales. (AC +3, +7% HP)
You have supernaturally acute eyesight. (SInv)
Armour fits poorly on your strangely shaped body.
You can roll at foes to attack.
You have a long armoured tail.


Message History

The orc wizard hits you with a +0 dagger.
* * * LOW HITPOINT WARNING * * *
You bump into the rock wall.
The orc hits you from afar with a +0 trident.
* * * LOW HITPOINT WARNING * * *
You miss the orc wizard.
Your tail-slap misses the orc wizard.
The orc wizard is moderately wounded.
You feel less confused. The orc wizard barely misses you.
You barely miss the orc wizard.
The orc wizard is moderately wounded.
The orc wizard hits you but does no damage.
The orc closely misses you.
You closely miss the orc wizard.
The orc wizard is moderately wounded.
The orc wizard hits you but does no damage.
You hit the orc wizard.
The orc wizard is heavily wounded.
The orc hits you from afar with a +0 trident.
You die...

#......#.#
#.....##.#
#.....##.#
#.....##.#
#......#.#
#.....(#.#
#........#
#######..#######
#.>.oo@..#
#######.## .# .#
.# .# .. ##


You could see an orc wizard (invisible) and an orc.

Vanquished Creatures
  A hound (D:5)
  3 orcs
  A giant cockroach (D:5)
  A quokka (D:5)
6 creatures vanquished.

Notes
Turn   | Place    | Note
-------+----------+-------------------------------------------
     0 | D:5      | ANON1729 the Palentonga Delver began the quest for the Orb.
     0 | D:5      | Reached XP level 1. HP: 19/19 MP: 1/1
     3 | D:5      | Noticed a hound
    12 | D:5      | Killed a hound
    12 | D:5      | Reached XP level 2. HP: 22/25 MP: 2/2
    12 | D:5      | Reached XP level 3. HP: 27/31 MP: 3/3
   325 | D:6      | Found a white marble altar of Elyvilon.
   653 | D:5      | Slain by an orc

Illustrated notes

Levels and vault maps discovered:
D:5:      layout_basic, old_standard_altar, uniq_eustachio
D:6:      layout_loops_ring, lemuel_crystal_altar, serial_shops, shop,
          basic_altar

Skill      XL: |  1 |
---------------+----+-----
Dodging        | 2 |  2.0
Fighting       | |  3.3
Long Blades    | |  2.5
Stealth        | |  3.6

Action                   || total
-------------------------++-------
Melee: Falchion          ||    32
       Tailslap          ||     4
  Use: Scroll            ||     1
       Potion            ||     1
Armor: Leather armour    ||    11
Dodge: Dodged            ||    27
       Rpst.: Falchion   ||     9

Table legend: (Time is in decaauts)
 A = Elapsed time spent in this place.
 B = Non-inter-level travel time spent in this place.
 C = Inter-level travel time spent in this place.
 D = Time resting spent in this place.
 E = Time spent auto-exploring this place.
 F = Levels seen in this place.
 G = Mean time per level.
                   A        B        C        D        E       F      G
               +--------+--------+--------+--------+--------+-----+--------+
         Total |    656 |    656 |      0 |    520 |     21 |   2 |  328.0 |
       Dungeon |    656 |    656 |      0 |    520 |     21 |   2 |  328.0 |
               +--------+--------+--------+--------+--------+-----+--------+

Top non-repeatable levels by time:
     D:6: 513 daAuts
     D:5: 142 daAuts
